 Dungeon Crawl Stone Soup version 0.23.2-1-ga50397a (webtiles) character file.

Game seed: 13641289927173877021

3014 sankara the Grappler (level 9, 0/74 HPs)
             Began as a Ghoul Necromancer on May 4, 2019.
             Was a Priest of Kikubaaqudgha.
             Hit by a javelin of returning thrown by a centaur (11 damage)
             ... in a bailey.
             The game lasted 00:59:38 (8574 turns).

sankara the Grappler (Ghoul Necromancer)            Turns: 8574, Time: 00:59:39

Health: 0/74       AC:  9    Str: 12    XL:     9   Next: 85%
Magic:  6/13       EV: 12    Int: 19    God:    Kikubaaqudgha [***...]
Gold:   405        SH:  0    Dex:  9    Spells: 3/15 levels left

rFire    . . .     SeeInvis +   b - +0 hunting sling
rCold    + . .     Gourm    .   (no shield)
rNeg     + + +     Faith    .   q - +3 leather armour
rPois    ∞         Spirit   .   n - +0 helmet
rElec    .         Reflect  .   X - +1 cloak
rCorr    .         Harm     .   (no gloves)
MR       ++...                  (no boots)
Stlth    ++........             E - amulet "Owid" {RegenMP MR+ SInv}
HPRegen  0.00/turn              J - +6 ring of intelligence
MPRegen  0.38/turn              R - ring of protection from magic {MR+, !d}

@: flying, regenerating (expiring), rotting
A: rotting body, claws 1, carnivore, cold resistance 1, negative energy
resistance 3, inhibited regeneration, torment resistance, unbreathing
a: Receive Corpses, Renounce Religion


You were in a bailey.
You worshipped Kikubaaqudgha.
Kikubaaqudgha was most pleased with you.
You were not hungry.

You visited 2 branches of the dungeon, and saw 10 of its levels.
You also visited: Ossuary and Bailey.

You collected 405 gold pieces.

Inventory:

Hand Weapons
 b - a +0 hunting sling (weapon)
   (You found it on level 2 of the Dungeon)
 g - a cursed -2 whip
   (You found it on level 1 of the Dungeon)
 l - a +2 whip of electrocution
   (You took it off an orc on level 5 of the Dungeon)
 H - a +0 vampiric dagger
   (You found it on level 8 of the Dungeon)
 M - a +2 dagger of venom
   (You took it off an orc on level 3 of the Dungeon)
Missiles
 a - 3 javelins
 e - 206 stones
 K - 3 throwing nets {=f, !d}
 Q - 13 tomahawks
 Y - 16 sling bullets (quivered)
Armour
 j - the +2 robe of the Evening {Dex+2 Stlth+}
   (You found it on level 5 of the Dungeon)

   It affects your dexterity (+2).
   It makes you more stealthy.
 n - a +0 helmet (worn)
   (You found it on level 5 of the Dungeon)
 q - a +3 leather armour (worn)
   (You took it off an orc on level 3 of the Dungeon)
 X - a +1 cloak (worn)
   (You found it on level 3 of the Dungeon)
Jewellery
 d - an uncursed ring of flight {+Fly, !d}
   (You found it on level 4 of the Dungeon)
 k - an uncursed ring of see invisible {sInv, !d}
   (You found it on level 4 of the Dungeon)
 E - the amulet "Owid" (around neck) {RegenMP MR+ SInv}
   (You found it on level 6 of the Dungeon)

   [amulet of magic regeneration]

   It increases your magic regeneration.
   It affects your resistance to hostile enchantments.
   It lets you see invisible.
 J - a +6 ring of intelligence (left claw)
   (You found it on level 7 of the Dungeon)
 N - a +2 ring of protection
   (You found it on level 3 of the Dungeon)
 R - a ring of protection from magic (right claw) {MR+, !d}
   (You found it on level 3 of the Dungeon)
Wands
 m - a wand of enslavement (6)
   (You found it on level 5 of the Dungeon)
 z - a wand of random effects (11)
   (You found it on level 6 of the Dungeon)
 B - a wand of acid (10)
   (You found it on level 6 of the Dungeon)
 L - a wand of digging (6)
   (You found it on level 8 of the Dungeon)
 Z - a wand of flame (11)
   (You took it off Ijyb on level 4 of the Dungeon)
Scrolls
 f - a scroll of random uselessness {unknown}
 h - a scroll of fear {unknown}
 i - 2 scrolls of enchant armour
 r - a scroll of immolation {!r}
 t - 2 scrolls of noise {unknown}
 x - a scroll of amnesia {unknown}
 y - 7 scrolls of teleportation
 G - a scroll of blinking {unknown}
 I - 2 scrolls of remove curse
 T - a scroll of enchant weapon {unknown}
Potions
 o - 2 potions of agility
 p - a potion of resistance
 s - 2 potions of might
 v - 3 potions of haste
 A - 4 potions of curing
 C - 3 potions of flight
 F - a potion of ambrosia
Comestibles
 c - 14 rations
 u - 6 chunks of flesh {@w0}


   Skills:
 + Level 5.6 Fighting
 - Level 3.0 Armour
 + Level 3.7 Dodging
 - Level 3.0 Stealth
 * Level 9.1 Unarmed Combat
 + Level 3.7 Spellcasting
 - Level 2.1 Charms
 + Level 6.5 Necromancy


You had 3 spell levels left.
You knew the following spells:

 Your Spells              Type           Power        Failure   Level  Hunger
a - Pain                  Necr           ####         1%          1    None
b - Animate Skeleton      Necr           N/A          1%          1    None
c - Vampiric Draining     Necr           ####......   3%          3    ###....
d - Regeneration          Chrm/Necr      ###.......   9%          3    ###....
e - Animate Dead          Necr           N/A          12%         4    ####...

Your spell library contained the following spells:

 Spells                   Type           Power        Failure   Level  Hunger
 Corpse Rot               Necr           N/A          1%          2    ##.....
 Corona                   Hex            #......      19%         1    None
 Flame Tongue             Conj/Fire      #....        19%         1    None
 Shock                    Conj/Air       #...         19%         1    None
 Swiftness                Chrm/Air       #.......     19%         2    ##.....
 Ensorcelled Hibernation  Hex/Ice        #.....       26%         2    ##.....
 Throw Flame              Conj/Fire      #.....       26%         2    ##.....
 Confuse                  Hex            #.......     47%         3    ###....
 Conjure Flame            Conj/Fire      #.......     47%         3    ###....
 Dazzling Spray           Conj/Hex       #.....       47%         3    ###....
 Inner Flame              Hex/Fire       #.......     47%         3    ###....
 Static Discharge         Conj/Air       #.......     47%         3    ###....
 Tukima's Dance           Hex            #.......     47%         3    ###....
 Dispel Undead            Necr           ####....     34%         5    ######.
 Bolt of Draining         Conj/Necr      ###.......   78%         5    ######.
 Borgnjor's Vile Clutch   Necr/Erth      ###.......   78%         5    ######.
 Airstrike                Air            #.........   87%         4    ####...
 Sticky Flame             Conj/Fire      #.......     87%         4    ####...
 Death Channel            Necr           ####......   88%         6    #######
 Fireball                 Conj/Fire      #.........   99%         5    ######.
 Lightning Bolt           Conj/Air       #.........   99%         5    ######.
 Simulacrum               Ice/Necr       ###.......   100%        6    #######


Dungeon Overview and Level Annotations

Branches:
Dungeon (9/15)             Temple (1/1) D:5
   Lair: D:8-11         Orc: D:9-12

Altars:
Ashenzari
Cheibriados
Dithmenos
Elyvilon
Fedhas
Gozag
Hepliaklqana
Kikubaaqudgha
Makhleb
Nemelex Xobeh
Okawaru
Qazlal
Ru
Sif Muna
Trog
Uskayaw
Vehumet
Wu Jian
Yredelemnul
Zin
The Shining One

Shops:
D:5 (


Innate Abilities, Weirdness & Mutations

Your body is rotting away.
You thrive on raw meat.
You are immune to poison.
You have sharp fingernails.
You are carnivorous and can eat meat at any time.
Your flesh is cold resistant. (rC+)
You are immune to negative energy. (rN+++)
You do not regenerate when monsters are visible.
You are immune to unholy pain and torment.
You can survive without breathing.


Message History

The weapon returns to the centaur!
Firing (i - inventory. (/) - cycle)
Y - 17 sling bullets (quivered)
Press: ? - help, Shift-Dir - straight line, f/p - orc
Aim: an orc, wielding a +0 halberd and wearing a +0 chain mail You shoot a sling bullet.
The sling bullet hits the orc but does no damage.
The centaur throws a javelin of returning.
The javelin of returning hits your gnoll zombie!
The weapon returns to the centaur!
A centaur comes into view. It is wielding a +0 trident.
The centaur shouts!
The centaur throws a javelin of returning.
The javelin of returning closely misses you.
The weapon returns to the centaur!
The centaur throws a javelin of returning.
The javelin of returning hits your gnoll zombie!
Your gnoll zombie is destroyed!
The centaur throws a javelin of returning.
The javelin of returning hits you.
The weapon returns to the centaur!
The centaur throws a javelin of returning.
The javelin of returning hits your orc zombie!
Your orc zombie is destroyed!
The weapon returns to the centaur!
There is a gate leading back out of this place here.
The centaur throws a javelin of returning.
The javelin of returning hits your orc zombie!
Your orc zombie is destroyed!
Firing (i - inventory. (/) - cycle)
Y - 16 sling bullets (quivered)
Press: ? - help, Shift-Dir - straight line, p - orc
Okay, then.
The centaur throws a javelin of returning.
The javelin of returning hits you.
The weapon returns to the centaur!
The centaur throws a javelin of returning.
The javelin of returning closely misses you.
The weapon returns to the centaur!
An orc comes into view. It is wielding a +0 spear.
The centaur throws a javelin of returning.
The javelin of returning closely misses you.
The weapon returns to the centaur!
The centaur misses you.
The centaur throws a javelin of returning.
The javelin of returning hits you!
The weapon returns to the centaur!
The centaur throws a javelin of returning.
The javelin of returning closely misses you.
You see here a javelin of returning.
The centaur throws a javelin of returning.
The javelin of returning hits you but does no damage.
The centaur throws a javelin of returning.
The javelin of returning hits you!
The weapon returns to the centaur!
You see here a javelin of returning.
The centaur throws a javelin of returning.
The javelin of returning hits you!
* * * LOW HITPOINT WARNING * * *
The weapon returns to the centaur!
The centaur throws a javelin of returning.
The javelin of returning closely misses you.
The weapon returns to the centaur!
Okay, then.
Casting: Animate Dead (safe; 12% risk of failure)
Confirm with . or Enter, or press ? or * to list all spells.
Your skin crawls.
The centaur throws a javelin of returning.
The javelin of returning hits you!
* * * LOW HITPOINT WARNING * * *
The weapon returns to the centaur!
The centaur throws a javelin of returning.
The javelin of returning closely misses you.
The weapon returns to the centaur!
You feel much better.
The centaur throws a javelin of returning.
The javelin of returning barely misses you.
The weapon returns to the centaur!
The centaur throws a javelin of returning.
The javelin of returning hits you!
* * * LOW HITPOINT WARNING * * *
The weapon returns to the centaur!
The centaur throws a javelin of returning.
The javelin of returning barely misses you.
The weapon returns to the centaur!
You feel very buoyant.
You fly up into the air.
The centaur throws a javelin of returning.
The javelin of returning misses you.
The weapon returns to the centaur!
The centaur throws a javelin of returning.
The javelin of returning hits you!
* * * LOW HITPOINT WARNING * * *
The weapon returns to the centaur!
Okay, then.
Unknown command.
Eat one of 7 chunks of flesh {@w0}? (ye/n/q)
You eat one of the 7 chunks of flesh {@w0}.
This raw flesh tastes great!
Your skin is crawling a little less now.
The centaur throws a javelin of returning.
The javelin of returning closely misses you.
The weapon returns to the centaur!
The centaur throws a javelin of returning.
The javelin of returning hits you!
You die...
Kikubaaqudgha rasps: "You have failed me!
Welcome... oblivion!"

##≈≈⌠$.$.$⌠≈≈####
≈≈≈...oo.o..≈≈≈≈#
....o≈≈≈≈≈co....#
....≈≈Z..≈≈.....#
.≈o≈≈.≈Z≈.≈≈.≈..+
≈≈.≈.≈≈Z≈≈.≈.≈≈.#
≈.≈≈.≈...≈(≈≈.≈.#
≈o≈.≈≈...≈≈(≈.≈.#
≈.≈.≈.⌠∩⌠.≈@≈.≈o#
≈o≈.≈..∩..≈.≈.≈.#
≈.≈.≈.⌠∩⌠.≈.≈.≈.#
≈.≈.≈≈...≈≈c≈.≈.#
≈.≈≈.≈..(≈o≈≈.≈.#
≈≈(≈.≈≈≈≈≈.≈.≈≈.#
.≈.≈≈....o≈≈.≈.##
.≈≈.≈≈≈.≈≈≈.≈≈.#
..≈≈.o≈.≈o.≈≈..


You could see 2 centaurs, 8 orcs, a friendly gnoll zombie and 2 friendly orc
zombies.

Vanquished Creatures
  A hippogriff (D:7)
  Sigmund (D:4)
  A wyvern (D:8)
  2 killer bees (D:7)
  A black bear (D:8)
  A necrophage (D:5)
  An orc warrior (D:8)
  2 ogres
  2 centaurs
  A gnoll sergeant (D:8)
  2 scorpions
  2 howler monkeys
  4 crimson imps
  5 orc wizards
  3 hounds
  Natasha (twice) (D:4)
  2 iguanas
  7 worker ants
  Ijyb (D:4)
  A killer bee zombie (D:5)
  2 big kobold zombies (Ossuary)
  A hound zombie (D:6)
  3 mummies
  8 gnolls
  12 adders
  2 shadow imps
  3 adder zombies (Ossuary)
  4 worms
  2 dart slugs (D:1)
  3 leopard geckos
  20 orcs
  2 ball pythons
  4 giant cockroaches
  15 goblins
  9 hobgoblins
  13 jackals
  4 kobolds
  A quokka (D:2)
  12 bats
  5 frilled lizards
  2 goblin zombies
  10 hobgoblin zombies (Ossuary)
  10 kobold zombies
  A leopard gecko skeleton (D:6)
  A leopard gecko zombie (D:7)
  10 orc zombies (Ossuary)
  A quokka skeleton (D:4)
  4 rats
  A rat zombie (Ossuary)
207 creatures vanquished.

Vanquished Creatures (collateral kills)
  Harold (D:8)
  An ogre (D:5)
  A bullfrog (D:8)
  A scorpion (D:8)
  A hound (D:7)
  Natasha (D:4)
  A worker ant (D:6)
  A gnoll (D:7)
  An adder (D:3)
  A worm (D:1)
  A dart slug (D:3)
  2 goblins
  2 hobgoblins (D:2)
  A quokka (D:7)
  2 bats (D:2)
  A leopard gecko skeleton (D:4)
  2 rats (D:3)
21 creatures vanquished.

Vanquished Creatures (others)
  A killer bee (D:7)
1 creature vanquished.

Grand Total: 229 creatures vanquished

Notes
Turn   | Place    | Note
-------+----------+-------------------------------------------
     0 | D:1      | sankara the Ghoul Necromancer began the quest for the Orb.
     0 | D:1      | Reached XP level 1. HP: 14/14 MP: 2/2
    31 | D:1      | Learned a level 1 spell: Animate Skeleton
   254 | D:1      | Reached skill level 1 in Unarmed Combat
   461 | D:1      | Reached XP level 2. HP: 20/20 MP: 3/3
  1116 | D:1      | Reached XP level 3. HP: 27/27 MP: 4/4
  1274 | D:2      | Reached skill level 2 in Unarmed Combat
  1427 | D:2      | Reached skill level 1 in Armour
  1496 | D:2      | Reached skill level 1 in Fighting
  1496 | D:2      | Reached skill level 3 in Stealth
  1496 | D:2      | Reached XP level 4. HP: 13/35 MP: 5/5
  1661 | D:2      | Learned a level 3 spell: Vampiric Draining
  2106 | D:3      | HP: 8/35 [adder (1)]
  2112 | D:3      | HP: 7/35 [adder (1)]
  2115 | D:2      | HP: 3/35 [adder (4)]
  2781 | D:3      | Reached skill level 3 in Unarmed Combat
  2781 | D:3      | Reached XP level 5. HP: 20/41 MP: 0/6
  2951 | D:3      | Reached skill level 2 in Fighting
  3298 | D:3      | Found a blossoming altar of Fedhas.
  3300 | D:3      | Found an ancient bone altar of Kikubaaqudgha.
  3305 | D:3      | Became a worshipper of Kikubaaqudgha
  3381 | D:4      | Noticed Sigmund
  3423 | D:4      | Reached skill level 2 in Armour
  3424 | D:4      | Noticed Ijyb
  3449 | D:4      | Killed Ijyb
  3635 | D:4      | Reached skill level 4 in Unarmed Combat
  3635 | D:4      | Reached XP level 6. HP: 42/49 MP: 7/7
  3640 | D:4      | Learned a level 3 spell: Regeneration
  3847 | D:4      | HP: 11/50 [Sigmund/magic dart (5)]
  3856 | D:4      | HP: 10/50 [something (4)]
  3877 | D:4      | Killed Sigmund
  3877 | D:4      | Reached skill level 3 in Fighting
  3877 | D:4      | Reached skill level 5 in Unarmed Combat
  3877 | D:4      | Reached XP level 7. HP: 19/57 MP: 4/8
  3889 | D:4      | Noticed Natasha
  4049 | D:4      | Killed Natasha
  4049 | D:4      | Reached * piety under Kikubaaqudgha
  4049 | D:4      | Identified Kikubaaqudgha's Handbook of Dark Arts
                  | (Kikubaaqudgha gifted it to you on level 4 of the Dungeon)
  4049 | D:4      | Received a gift from Kikubaaqudgha
  4210 | D:4      | Noticed Natasha
  4224 | D:4      | Killed Natasha
  4260 | D:4      | Noticed Natasha
  4270 | D:4      | Killed Natasha
  4356 | D:4      | Found a white marble altar of Elyvilon.
  4356 | D:4      | Found a glowing silver altar of Zin.
  4357 | D:4      | Found a glowing golden altar of the Shining One.
  4419 | D:5      | Entered Level 5 of the Dungeon
  4460 | D:5      | Reached skill level 6 in Unarmed Combat
  4460 | D:5      | Reached skill level 5 in Necromancy
  4645 | D:5      | Reached skill level 4 in Fighting
  4901 | D:5      | Reached skill level 2 in Dodging
  5163 | D:5      | Found a staircase to the Ecumenical Temple.
  5166 | D:5      | Got an ichor-stained robe
  5180 | Temple   | Entered the Ecumenical Temple
  5376 | D:5      | Identified the +2 robe of the Evening {Dex+2 Stlth+} (You
                  | found it on level 5 of the Dungeon)
  5404 | D:5      | Found Naryser's Weapon Shop.
  5461 | D:5      | Reached skill level 2 in Spellcasting
  5461 | D:5      | Reached XP level 8. HP: 59/65 MP: 8/10
  5545 | D:5      | Reached skill level 1 in Charms
  5698 | D:6      | Found a radiant altar of Vehumet.
  5948 | D:6      | Found a hide-covered altar of Uskayaw.
  5950 | D:6      | Found a shadowy altar of Dithmenos.
  5951 | D:6      | Found a snail-covered altar of Cheibriados.
  6003 | D:6      | Found a basalt altar of Yredelemnul.
  6028 | D:6      | Reached skill level 7 in Unarmed Combat
  6035 | D:6      | Reached ** piety under Kikubaaqudgha
  6132 | D:6      | Got a transparent amethyst amulet
  6470 | D:7      | Identified the amulet "Owid" {RegenMP MR+ SInv} (You found
                  | it on level 6 of the Dungeon)
  6513 | D:7      | Reached skill level 3 in Armour
  6525 | D:7      | Learned a level 4 spell: Animate Dead
  6588 | D:7      | Noticed a hippogriff
  6601 | D:7      | Killed a hippogriff
  6601 | D:7      | Reached skill level 2 in Charms
  6659 | D:7      | Found a shattered altar of Ashenzari.
  6673 | D:7      | Reached XP level 9. HP: 63/72 MP: 12/12
  6782 | D:7      | Found a sand-covered staircase.
  6789 | Ossuary  | Entered an ossuary
  7046 | Ossuary  | Reached skill level 3 in Spellcasting
  7414 | D:8      | Reached *** piety under Kikubaaqudgha
  7414 | D:8      | Identified Kikubaaqudgha's Volume of Darkness
                  | (Kikubaaqudgha gifted it to you on level 8 of the Dungeon)
  7414 | D:8      | Received a gift from Kikubaaqudgha
  7535 | D:8      | Reached skill level 8 in Unarmed Combat
  7573 | D:8      | Found a burning altar of Makhleb.
  7583 | D:8      | Reached skill level 6 in Necromancy
  7731 | D:8      | Reached skill level 5 in Fighting
  7731 | D:8      | Reached skill level 3 in Dodging
  8076 | D:8      | HP: 12/74 [gnoll/+0 flail (11)]
  8079 | D:8      | HP: 3/74 [gnoll/+0 flail (5)]
  8107 | D:8      | Noticed Harold
  8113 | D:8      | HP: 10/74 [wyvern (17)]
  8127 | D:8      | HP: 17/74 [Harold/+0 scimitar (12)]
  8129 | D:8      | Killed Harold
  8129 | D:8      | Reached skill level 9 in Unarmed Combat
  8439 | D:8      | You fall through a shaft!
  8543 | D:9      | Found a flagged portal.
  8551 | Bailey   | Entered a bailey
  8571 | Bailey   | HP: 7/74 [centaur/javelin of returning (13)]
  8573 | Bailey   | HP: 2/74 [centaur/javelin of returning (8)]
  8574 | Bailey   | Hit by a javelin of returning thrown by a centaur

Skill      XL: |  1  2  3  4  5  6  7  8  9 |
---------------+----------------------------+-----
Unarmed Combat | 1 2 3 4 5 6 7 9 |  9.1
Armour         | 1 2 3 |  3.0
Fighting       | 1 2 3 4 5 |  5.6
Stealth        | 3 |  3.0
Necromancy     | 5 6 |  6.5
Dodging        | 2 3 |  3.7
Spellcasting   | 2 3 |  3.7
Charms         | 2 |  2.1

Action                   |  1- 3 |  4- 6 |  7- 9 || total
-------------------------+-------+-------+-------++-------
Melee: Unarmed           |   139 |   230 |   461 ||   830
       Dagger            |       |    16 |       ||    16
       Punch             |       |     2 |    13 ||    15
 Fire: Hunting sling     |       |       |     3 ||     3
Throw: Tomahawk          |       |     5 |       ||     5
       Stone             |       |     1 |     3 ||     4
       Javelin           |       |       |     7 ||     7
 Cast: Animate Skeleton  |    16 |    23 |    39 ||    78
       Pain              |     6 |    32 |    36 ||    74
       Animate Dead      |       |       |     3 ||     3
       Vampiric Draining |       |       |     9 ||     9
       Regeneration      |       |       |     7 ||     7
Invok: Receive Corpses   |       |       |     6 ||     6
Evoke: Wand              |       |       |     2 ||     2
  Use: Potion            |       |     3 |     5 ||     8
       Scroll            |       |       |    16 ||    16
 Stab: Sleeping          |     3 |     5 |    10 ||    18
       Distracted        |       |       |     4 ||     4
  Eat: Chunk             |    14 |    33 |    55 ||   102
Armor: Robe              |     3 |       |   119 ||   122
       Leather armour    |    34 |    71 |    36 ||   141
Dodge: Dodged            |    73 |   170 |   323 ||   566

Levels and vault maps discovered:
D:1:      dpeg_chamrin_arrival_tetris, layout_basic
D:2:      layout_basic
D:3:      minmay_recursive_quarters, layout_basic,
          grunt_temple_overflow_growth_and_decay, first_ration,
          serial_bayou_pond_b
D:4:      kennysheep_the_goblin_king, layout_rooms, good_gods_mini_temple,
          uniq_sigmund, uniq_natasha
D:5:      layout_basic, minmay_temple_entry_offerings, serial_shops, shop
D:6:      layout_cave_pools, lemuel_round_altar, vehumet_crystals,
          grunt_temple_overflow_open, minmay_parallelograms,
          nicolae_lava_and_water
D:7:      layout_rooms, nicolae_overflow_crystal_walls,
          nicolae_ossuary_entry_giza
D:8:      layout_gridville, makhleb_heckhound_becter, uniq_harold
D:9:      layout_long_grid, kennysheep_little_box, enter_bailey_3
Temple:   nicolae_temple_figure_zero
Ossuary:  ossuary_tomb_1
Bailey:   bailey_polearm_flooded_kennysheep, bailey

Table legend:
 A = Turns spent in this place as a percentage of turns spent in the entire game.
 B = Non-inter-level travel turns spent in this place as a percentage of non-inter-level travel turns spent in the entire game.
 C = Inter-level travel turns spent in this place as a percentage of turns spent in this place.
 D = Turns resting spent in this place as a percentage of non-inter-level travel turns spent in this place.
 E = Turns spent auto-exploring this place as a percentage of non-inter-level travel turns spent in this place.
 F = Non-inter-level travel turns spent in this place divided by the number of levels of this place that you've seen.
                   A       B       C       D       E      F
               +-------+-------+-------+-------+-------+----------------------
         Total | 100.0 | 100.0 |   4.7 |  13.3 |  52.6 | 681.0
       Dungeon |  93.4 |  93.2 |   4.9 |  14.2 |  53.6 | 846.0
        Temple |   1.4 |   1.3 |   8.5 |   0.0 |  99.1 | 108.0
       Ossuary |   5.0 |   5.2 |   0.0 |   1.6 |  26.2 | 427.0
        Bailey |   0.3 |   0.3 |   0.0 |   0.0 |   0.0 |  23.0
               +-------+-------+-------+-------+-------+----------------------

Table legend:
 A = Kills in this place as a percentage of kills in entire the game.
 B = Kills by you in this place as a percentage of kills by you in the entire game.
 C = Kills by friends in this place as a percentage of kills by friends in the entire game.
 D = Other kills in this place as a percentage of other kills in the entire game.
 E = Experience gained in this place as a percentage of experience gained in the entire game.
 F = Experience gained in this place divided by the number of levels of this place that you have seen.
                   A       B       C       D       E      F
               +-------+-------+-------+-------+-------+----------------------
         Total | 100.0 | 100.0 | 100.0 | 100.0 | 100.0 | 358.9
       Dungeon |  83.4 |  81.6 | 100.0 | 100.0 |  96.8 | 463.3
       Ossuary |  16.6 |  18.4 |   0.0 |   0.0 |   3.2 | 137.0
               +-------+-------+-------+-------+-------+----------------------
